 Dungeon Crawl Stone Soup version 0.30.1-3-gfc49f6343a (webtiles) character file.

Game seed: 10739934244597207259

8732 Wiggles the Severer (level 11, -8/85 HPs)
             Began as a Minotaur Berserker on July 26, 2023.
             Was a High Priest of Trog.
             Mangled by a gargoyle
             ... wielding a +0 dire flail
              (19 damage)
             ... on level 10 of the Dungeon.
             The game lasted 00:18:03 (8006 turns).

Wiggles the Severer (Minotaur Berserker)            Turns: 8006, Time: 00:18:04

Health: -8/85      AC: 14    Str: 26    XL:     11   Next: 13%
Magic:  10/10      EV: 10    Int:  6    God:    Trog [*****.]
Gold:   534        SH:  5    Dex: 10    Spells: 10/10 levels left

rFire   + . .        L - +6 broad axe
rCold   . . .        M - +2 buckler "Bily" {rF+}
rNeg    . . .        j - +1 scale mail of Watchfulness {+Inv}
rPois   .            (helmet restricted)
rElec   .            F - +0 cloak
rCorr   .            b - +1 pair of gloves
SInv    .            D - +2 pair of boots
Will    .....        i - amulet "Gunoid" {Regen+ Int+2} Stlth
                     v - ring of flight
HPRegen 1.14/turn    (no ring)
MPRegen 0.12/turn

%: no passive effects
@: flying, studying Axes
A: horns 2, retaliatory headbutt
a: Renounce Religion, Evoke Invisibility, Berserk, Trog's Hand, Brothers in Arms


You were on level 10 of the Dungeon.
You worshipped Trog.
Trog was extremely pleased with you.
You visited 1 branch of the dungeon, and saw 10 of its levels.
You also visited: Ossuary and Bailey.

You collected 534 gold pieces.

Inventory:

Hand Weapons
 H - a +0 battleaxe
 L - a +6 broad axe (weapon)
Missiles
 q - 23 boomerangs (quivered)
Armour
 b - a +1 pair of gloves (worn)
 j - the +1 scale mail of Watchfulness (worn) {+Inv}
   (You found it on level 2 of the Dungeon)

   +Inv:      It lets you turn invisible.
 D - a +2 pair of boots (worn)
 F - a +0 cloak (worn)
 M - the +2 buckler "Bily" (worn) {rF+}
   (You found it in a bailey)

   rF:        It protects you from fire.
Jewellery
 i - the amulet "Gunoid" (around neck) {Regen+ Int+2}
   (You acquired it on level 5 of the Dungeon)

   [amulet of regeneration]

   Int:       It affects your intelligence (+2).
   Regen:     It increases your rate of health regeneration.
 v - a ring of flight (left hand)
Wands
 c - a wand of iceblast (15)
 x - a wand of paralysis (21)
 y - a wand of flame (29)
 E - a wand of digging (6)
Scrolls
 d - 7 scrolls of fog
 e - 4 scrolls of blinking
 g - a scroll of poison
 k - 5 scrolls of immolation
 l - 3 scrolls of teleportation
 o - a scroll of fear
 I - 3 scrolls of magic mapping
Potions
 a - 4 potions of heal wounds
 f - 3 potions of brilliance
 h - 9 potions of degeneration
 m - 2 potions of lignification {unknown}
 p - 10 potions of curing
 r - 5 potions of resistance
 s - 6 potions of might
 t - 2 potions of haste
 u - 4 potions of flight
 z - 2 potions of magic {unknown}
 A - a potion of invisibility {unknown}
 B - 5 potions of attraction
 C - 4 potions of mutation
 G - a potion of ambrosia {unknown}
 K - a potion of experience


   Skills:
 - Level 4.9 Fighting
 + Level 19.5 Axes
 + Level 1.3 Throwing
 - Level 4.6 Armour
 - Level 2.7 Dodging
 - Level 0.1 Stealth


You had 10 spell levels left.
You didn't know any spells.
Your spell library was empty.

Dungeon Overview and Level Annotations

Branches:
Dungeon (10/15)            Temple (0/1) D:6            Lair (0/5) D:8
Ossuary (visited)          Bailey (visited)
    Orc: D:9-12

Altars:
Cheibriados
Kikubaaqudgha
Qazlal
Ru
Xom

Shops:
D:7 !?


Innate Abilities, Weirdness & Mutations

You have a pair of horns on your head.
You reflexively headbutt those who attack you in melee.


Message History

The stone arrow hits you but does no damage.
The orc barely misses you.
Things that are here:
a +0 dagger; a +0 robe; an orc corpse You block the orc's attack.
You barely miss the gargoyle. You slice the orc!!
You kill the orc!
Trog accepts your kill.
The gargoyle hits you with a +0 dire flail!
You hit the gargoyle but do no damage.
You headbutt the gargoyle, but do no damage.
The gargoyle hits you with a +0 dire flail!
You slash the gargoyle!
You headbutt the gargoyle, but do no damage.
The gargoyle is heavily damaged.
You barely miss the freezing wraith. You hit the gargoyle but do no damage.
You headbutt the gargoyle, but do no damage.
The gargoyle is heavily damaged.
You barely miss the freezing wraith.
The gargoyle hurls a stone arrow at you.
The stone arrow hits you but does no damage.
The freezing wraith barely misses you.
The freezing wraith hits you but does no damage.
You hit the gargoyle. You headbutt the gargoyle.
The gargoyle is almost destroyed.
You closely miss the freezing wraith. The freezing wraith closely misses you.
The freezing wraith hits you.
The gargoyle hurls a stone arrow at you.
The stone arrow hits you!!
* * * LOW HITPOINT WARNING * * *
You hit the gargoyle but do no damage. Your headbutt misses the gargoyle.
The gargoyle is almost destroyed.
You hit the freezing wraith. You hit the gargoyle.
You headbutt the gargoyle, but do no damage.
The gargoyle is almost destroyed.
You closely miss the freezing wraith.
The gargoyle hits you with a +0 dire flail!!
You die...

.. #.# #. #.+
#..#.# #..#.#
#..#.########
#...........#
#...........#
#...<.).....#
#.....)@....#
#....)W9....#
#...........#
#..............
.............###
..............#
.....#######..#
..... ..#


You could see a freezing wraith and a gargoyle.

Vanquished Creatures
  An orc warlord (Bailey)
  3 two-headed ogres (D:9)
  A gargoyle (D:7)
  2 trolls (D:9)
  A slime creature (D:9)
  A wyvern (D:7)
  A wraith (D:8)
  A yak (D:8)
  Edmund (D:6)
  4 water moccasins
  7 orc warriors
  An ice beast (D:5)
  A sky beast (D:7)
  4 black bears
  2 centaurs (D:8)
  2 ogres
  A kobold brigand (D:7)
  A phantom (D:6)
  6 scorpions
  5 bullfrogs (D:8)
  7 wights (D:8)
  10 killer bees
  5 howler monkeys
  A centaur zombie (Ossuary)
  A hound (D:4)
  4 human zombies (Ossuary)
  A jelly (D:6)
  4 orc priests
  2 iguanas
  Ijyb (D:4)
  10 orc wizards
  A sleepcap (D:4)
  6 mummies
  5 adders
  A white imp (D:8)
  3 worms
  4 dart slugs
  37 orcs
  8 ball pythons
  5 endoplasms
  3 giant cockroaches
  15 goblins
  10 hobgoblins
  4 jackals (D:1)
  20 kobolds
  4 quokkas
  6 bats
  A frilled lizard (D:2)
  A gnoll zombie (Ossuary)
  A goblin zombie (D:4)
  A hobgoblin zombie (D:6)
  4 kobold zombies
  An orc zombie (Ossuary)
  A quokka zombie (D:4)
  5 rats
239 creatures vanquished.

Vanquished Creatures (collateral kills)
  A gnoll (Bailey)
1 creature vanquished.

Grand Total: 240 creatures vanquished

Notes
Turn   | Place    | Note
-------+----------+-------------------------------------------
     0 | D:1      | Wiggles the Minotaur Berserker began the quest for the Orb.
     0 | D:1      | Reached XP level 1. HP: 19/19 MP: 0/0
   123 | D:1      | Reached XP level 2. HP: 27/27 MP: 1/1
   312 | D:1      | Reached skill level 4 in Axes
   419 | D:1      | Found a faded altar of an unknown god.
   488 | D:1      | Reached XP level 3. HP: 34/34 MP: 2/2
   917 | D:2      | Reached ** piety under Trog
  1053 | D:2      | Identified the +1 scale mail of Watchfulness {+Inv}
  1066 | D:2      | Identified the orb "Egizihag" {mayhem, Dex+3 SInv}
  1333 | D:2      | Reached XP level 4. HP: 41/41 MP: 3/3
  2156 | D:4      | Reached skill level 5 in Axes
  2196 | D:4      | Noticed a scorpion
  2200 | D:4      | Killed a scorpion
  2201 | D:4      | Reached XP level 5. HP: 47/47 MP: 4/4
  2343 | D:4      | Reached skill level 6 in Axes
  2421 | D:4      | Found a sacrificial altar of Ru.
  2489 | D:4      | Reached XP level 6. HP: 55/55 MP: 5/5
  2529 | D:4      | Reached *** piety under Trog
  2531 | D:4      | Noticed Ijyb
  2533 | D:4      | Found a sand-covered staircase.
  2539 | D:4      | Paralysed by Ijyb for 2 turns
  2542 | D:4      | Killed Ijyb
  2550 | Ossuary  | Entered an ossuary
  2681 | Ossuary  | Reached skill level 7 in Axes
  2837 | Ossuary  | Reached XP level 7. HP: 55/60 MP: 6/6
  2869 | Ossuary  | Reached skill level 8 in Axes
  3163 | D:5      | Entered Level 5 of the Dungeon
  3520 | D:5      | Reached skill level 9 in Axes
  4013 | D:5      | Reached skill level 10 in Axes
  4165 | D:5      | Identified 2 scrolls of acquirement
  4165 | D:5      | Acquired the amulet "Gunoid" {Regen+ Int+2}
  4200 | D:6      | Found an ancient bone altar of Kikubaaqudgha.
  4212 | D:6      | Reached XP level 8. HP: 60/67 MP: 7/7
  4253 | D:6      | Found a staircase to the Ecumenical Temple.
  4270 | D:6      | Reached **** piety under Trog
  4271 | D:6      | Reached skill level 11 in Axes
  4323 | D:6      | Found a stormy altar of Qazlal.
  4323 | D:6      | Found a shimmering altar of Xom.
  4365 | D:6      | Noticed Edmund
  4374 | D:6      | Killed Edmund
  4375 | D:6      | Reached skill level 12 in Axes
  4501 | D:6      | Found a snail-covered altar of Cheibriados.
  4730 | D:7      | Noticed a gargoyle
  4749 | D:7      | Killed a gargoyle
  4750 | D:7      | Reached skill level 13 in Axes
  4750 | D:7      | Reached XP level 9. HP: 60/73 MP: 8/8
  4842 | D:7      | Reached skill level 14 in Axes
  5130 | D:7      | Found Hiomnul's Magic Scroll Shoppe.
  5131 | D:7      | Found Veusoen's Distillery.
  5372 | D:8      | Reached skill level 15 in Axes
  5437 | D:8      | Reached ***** piety under Trog
  5664 | D:8      | Reached skill level 16 in Axes
  5794 | D:8      | Reached XP level 10. HP: 80/80 MP: 9/9
  6171 | D:8      | Found a staircase to the Lair.
  6604 | D:9      | Reached skill level 17 in Axes
  6643 | D:9      | Noticed a two-headed ogre
  6655 | D:9      | Killed a two-headed ogre
  6753 | D:9      | Identified the +0 robe "Ygaumoh" {rElec Str+2 Int+4}
  6782 | D:9      | Reached skill level 18 in Axes
  6804 | D:9      | Noticed a two-headed ogre
  6813 | D:9      | Killed a two-headed ogre
  7117 | D:9      | Found a flagged portal.
  7118 | D:9      | Noticed a two-headed ogre
  7128 | D:9      | Killed a two-headed ogre
  7141 | Bailey   | Entered a bailey
  7146 | Bailey   | Noticed an orc warlord
  7215 | Bailey   | Reached skill level 19 in Axes
  7242 | Bailey   | Found a runed translucent gate.
  7245 | Bailey   | Found a runed translucent gate.
  7247 | Bailey   | Found a runed translucent gate.
  7491 | Bailey   | Killed an orc warlord
  7492 | Bailey   | Reached skill level 1 in Throwing
  7492 | Bailey   | Reached XP level 11. HP: 51/85 MP: 10/10
  7544 | Bailey   | Identified the +2 buckler "Bily" {rF+}
  7581 | Bailey   | Acquired a manual of Axes
  7990 | D:10     | Entered Level 10 of the Dungeon
  8006 | D:10     | Mangled by a gargoyle

Illustrated notes

Levels and vault maps discovered:
D:1:      minmay_arrival_jagged, layout_loops_ring,
          chequers_ecumenical_altar_simple, kennysheep_nondescript
D:2:      layout_basic, chequers_serial_rivers_micro_a,
          minmay_misc_feat_more_columns, chequers_serial_rivers_room_a,
          item_on_display_a
D:3:      wander_river, layout_rooms
D:4:      layout_basic, nicolae_ru_path_of_blood, enter_ossuary_4, uniq_ijyb
D:5:      layout_loops_cross, chequers_serial_rivers_small_3
D:6:      layout_cave_pools, cheibriados_altar_1,
          mainiacjoe_overflow_divided_tiny, kiku_gazebo_garden_becter,
          minmay_temple_entry_wispy, serial_park_tiny_pond, minmay_mini_ossuary,
          uniq_edmund
D:7:      layout_basic, nicolae_wooded_promenade
D:8:      kennysheep_spiral_hall, layout_basic, grunt_lair_entry_orc_guard_hut,
          st_stairs_1
D:9:      layout_cave_pods, serial_column_ruins, column_ruins_hut,
          column_ruins_grid_5, column_ruins_open_small_water,
          column_ruins_columns_corner, column_ruins_columns_corner,
          column_ruins_grid_1, column_ruins_open_tiny, column_ruins_open_medium,
          column_ruins_corridor_straight, enter_bailey_5, minmay_crystal_room
D:10:     minmay_the_grid_3x2 [minmay_the_grid_mess, minmay_the_grid_slots,
          minmay_the_grid_expand, minmay_the_grid_all_tris,
          minmay_the_grid_minigrid_small, minmay_the_grid_prize_diamond_cup],
          layout_long_grid, kennysheep_orc_monster_closet_entryway,
          serial_shops, kennysheep_little_box

Skill      XL: |  1  2  3  4  5  6  7  8  9 10 |
---------------+-------------------------------+-----
Fighting       | 4 |  4.9
Axes           | 4 5 6 7 10 13 16 19 | 19.5
Armour         | 3 4 |  4.6
Throwing       | 1 |  1.3
Dodging        | |  2.7
Stealth        | |  0.1

Action                     |  1- 3 |  4- 6 |  7- 9 | 10-12 || total
---------------------------+-------+-------+-------+-------++-------
  Melee: Hand axe          |    89 |     6 |       |       ||    95
         Headbutt          |    11 |    27 |    41 |    34 ||   113
         War axe           |       |   119 |   223 |    36 ||   378
         Punch             |       |     3 |     3 |       ||     6
         Battleaxe         |       |       |       |    92 ||    92
         Broad axe         |       |       |       |    23 ||    23
  Throw: Boomerang         |       |       |       |    21 ||    21
 Invoke: Berserk           |       |     1 |     3 |     4 ||     8
         Brothers in Arms  |       |       |       |     1 ||     1
    Use: Scroll            |       |       |    21 |     7 ||    28
 Armour: Leather armour    |    11 |       |       |       ||    11
         Animal skin       |     1 |       |       |       ||     1
         Ring mail         |    11 |       |       |       ||    11
         Scale mail        |     6 |    47 |   101 |    52 ||   206
  Dodge: Dodged            |    64 |    62 |   103 |    88 ||   317
  Block: Buckler           |       |       |       |     2 ||     2
